 Dungeon Crawl Stone Soup version 0.31-a0-960-g0fca184906 (webtiles) character file.

Game seed: 10333293802414530967

2 Zonian the Magician (level 1, 0/10 HPs)
             Began as a Deep Elf Hedge Wizard on Oct 23, 2023.
             Slain by a jackal (2 damage)
             ... on level 1 of the Dungeon.
             The game lasted 00:00:05 (65 turns).

Zonian the Magician (Deep Elf Hedge Wizard)           Turns: 65, Time: 00:00:06

Health: 0/10       AC:  2    Str:  7    XL:     1   Next: 25%
Magic:  4/7        EV: 12    Int: 18    God:
Gold:   0          SH:  0    Dex: 14    Spells: 7/8 levels left

rFire   . . .        a - +0 dagger
rCold   . . .        (no shield)
rNeg    . . .        b - +0 robe
rPois   .            c - +0 hat
rElec   .            (no cloak)
rCorr   .            (no gloves)
SInv    .            (no boots)
Will    .....        (no amulet)
Stlth   ++           (no ring)
HPRegen 0.21/turn    (no ring)
MPRegen 0.10/turn

%: no passive effects
@: no status effects
A: no striking features
a: no special abilities


You were on level 1 of the Dungeon.
You visited 1 branch of the dungeon, and saw 1 of its levels.

Inventory:

Hand Weapons
 a - a +0 dagger (weapon)
Armour
 b - a +0 robe (worn)
 c - a +0 hat (worn)
Potions
 d - a potion of magic


   Skills:
 + Level 2.4 Dodging
 + Level 2.4 Stealth
 + Level 4.4 Spellcasting
 + Level 1.2 Conjurations
 + Level 1.1 Summonings
 + Level 1.1 Translocations


You had 7 spell levels left.
You knew the following spells:

 Your Spells              Type           Power      Damage    Failure   Level
a - Magic Dart            Conj           32%        1d4       9%          1

Your spell library contained the following spells:

 Spells                   Type           Power      Damage    Failure   Level
 Blink                    Tloc           16%        N/A       13%         2
 Call Imp                 Summ           16%        N/A       13%         2
 Slow                     Hex            12%        N/A       14%         1
 Cigotuvi's Dreadful Rot  Necr/Pois/Air  6%         N/A       22%         2
 Mephitic Cloud           Conj/Pois/Air  5%         N/A       34%         3


Dungeon Overview and Level Annotations

Branches:
Dungeon (1/15)

Altars:


Message History

You open the door.
There is an open door here.
You open the door.
A ball python comes into view.
Found a stone staircase leading down.
A ball python is nearby!
Unknown command.
The magic dart hits the ball python.
The ball python is severely wounded.
The ball python hisses angrily.
The magic dart hits the ball python.
You kill the ball python!
You can't see any susceptible monsters within range! (Use Z to cast anyway.) Unknown command.
Magic restored.
There is an open door here.
A frilled lizard comes into view.
A frilled lizard is nearby!
The magic dart hits the frilled lizard.
You kill the frilled lizard!
You can't see any susceptible monsters within range! (Use Z to cast anyway.)
You can't see any susceptible monsters within range! (Use Z to cast anyway.)
You can't see any susceptible monsters within range! (Use Z to cast anyway.) Unknown command.
A jackal comes into view.
The jackal barks!
You hear a bark!
A jackal is nearby!
Unknown command.
The magic dart hits the jackal but does no damage.
A jackal comes into view.
The jackal closely misses you.
The magic dart hits the jackal.
The jackal is heavily wounded.
The jackal bites you.
The magic dart hits the jackal.
The jackal is almost dead.
The jackal bites you. x2
* * * LOW HITPOINT WARNING * * *
The jackal barely misses you. The jackal bites you.
You die...

#....# #....## ##....$
#############.....#
........>.........# .
.................#...
#..........h......
####'....8..@h...#
#.###...##......###.##
#.....######....###
#####.# #......#
......# ##...#...#
.######.# #+.....##
........# #..#..#
###.##### ##.#..†.
##'## #.# .##.


You could see 2 jackals.

Vanquished Creatures
  A ball python (D:1)
  A frilled lizard (D:1)
2 creatures vanquished.

Notes
Turn   | Place    | Note
-------+----------+-------------------------------------------
     0 | D:1      | Zonian the Deep Elf Hedge Wizard began the quest for the
                  | Orb.
     0 | D:1      | Reached XP level 1. HP: 10/10 MP: 7/7
    65 | D:1      | Slain by a jackal

Illustrated notes

Levels and vault maps discovered:
D:1:      nicolae_arrival_somewhat_less_tricky_arrival, layout_rooms

Action                     || total
---------------------------++-------
   Cast: Magic Dart        ||     6
 Armour: Robe              ||     4
  Dodge: Dodged            ||     2

Table legend: (Time is in decaauts)
 A = Elapsed time spent in this place.
 B = Non-inter-level travel time spent in this place.
 C = Inter-level travel time spent in this place.
 D = Time resting spent in this place.
 E = Time spent auto-exploring this place.
 F = Levels seen in this place.
 G = Mean time per level.
                   A        B        C        D        E       F      G
               +--------+--------+--------+--------+--------+-----+--------+
         Total |     65 |     65 |      0 |      0 |     57 |   1 |   65.0 |
       Dungeon |     65 |     65 |      0 |      0 |     57 |   1 |   65.0 |
               +--------+--------+--------+--------+--------+-----+--------+

Top non-repeatable levels by time:
     D:1: 65 daAuts
